 Dungeon Crawl Stone Soup version 0.29-a0-789-g7a8fcbc185 (webtiles) character file.

Game seed: 2762984857604463562

539 gruber the Skirmisher (level 7, 0/33 HPs)
             Began as a Spriggan Hunter on July 2, 2022.
             Killed from afar by Pikel (11 damage)
             ... with an iceblast
             ... on level 4 of the Dungeon.
             The game lasted 00:05:24 (3875 turns).

gruber the Skirmisher (Spriggan Hunter)             Turns: 3875, Time: 00:05:25

Health: 0/33       AC:  2    Str: 13    XL:     7   Next: 5%
Magic:  8/8        EV: 18    Int: 11    God:
Gold:   156        SH:  0    Dex: 20    Spells: 6/6 levels left

rFire   . . .      SeeInvis +   a - +0 shortbow
rCold   . . .      Faith    .   (shield currently unavailable)
rNeg    . . .      Spirit   .   c - +0 robe
rPois   .          Reflect  .   (helmet restricted)
rElec   .          Harm     .   (no cloak)
rCorr   .          Rampage  .   (gloves unavailable)
Will    ++...                   (boots unavailable)
Stlth   ++........              s - amulet of the acrobat
HPRegen 0.11/turn               e - +6 ring of strength
MPRegen 0.11/turn               o - ring of willpower

@: very quick
A: very small, no large weapons, unfitting armour, see invisible, speed 3
a: no special abilities


You were on level 4 of the Dungeon.
You visited 1 branch of the dungeon, and saw 4 of its levels.

You collected 156 gold pieces.

Inventory:

Hand Weapons
 a - a +0 shortbow (weapon)
 f - a +1 dagger of speed
 i - a +0 short sword of holy wrath
 v - a +0 rapier of electrocution
 y - a +2 short sword of venom
Missiles
 w - 2 throwing nets
Armour
 c - a +0 robe (worn)
Jewellery
 e - a +6 ring of strength (left hand)
 o - a ring of willpower (right hand)
 s - an amulet of the acrobat (around neck)
Wands
 u - a wand of flame (12)
Scrolls
 b - 2 scrolls of immolation
 h - 5 scrolls of identify {unknown}
 k - 3 scrolls of teleportation {unknown}
 l - 3 scrolls of magic mapping {unknown}
 m - 2 scrolls of brand weapon {unknown}
 p - 2 scrolls of noise {unknown}
 q - a scroll of poison {unknown}
 r - a scroll of enchant armour {unknown}
 x - a scroll of vulnerability {unknown}
Potions
 d - 5 potions of curing {unknown}
 g - 3 potions of mutation {unknown}
 j - a potion of might {unknown}
 n - a potion of invisibility {unknown}
 t - 2 potions of brilliance {unknown}


   Skills:
 - Level 1.5 Fighting
 + Level 10.2 Ranged Weapons
 - Level 2.6 Dodging
 - Level 1.5 Stealth


You had 6 spell levels left.
You didn't know any spells.
Your spell library contained the following spells:

 Spells                   Type           Power      Damage    Failure   Level
 Call Canine Familiar     Summ           0%         N/A       71%         3
 Portal Projectile        Hex/Tloc       0%         N/A       71%         3
 Leda's Liquefaction      Hex/Erth       0%         N/A       98%         4


Dungeon Overview and Level Annotations

Branches:
Dungeon (4/15)
 Temple: D:4-7

Altars:
Trog

Shops:
D:3 !

Annotations:
D:4 Grinder, Pikel


Innate Abilities, Weirdness & Mutations

You are very small and have problems with some larger weapons.
You are too small for most types of armour.
You have supernaturally acute eyesight. (SInv)
You cover ground extremely quickly. (Speed+++)


Message History

The lemure shouts!
You shoot an arrow.
Pikel shouts!
The arrow hits the lemure!
The lemure is moderately wounded.
You shoot an arrow.
The arrow hits the lemure but does no damage.
The lemure is moderately wounded.
You shoot an arrow. The arrow hits the lemure!
The lemure is almost dead.
You shoot an arrow. The arrow barely misses the lemure.
The arrow hits Pikel!
Pikel is moderately wounded.
The lemure misses you.
You shoot an arrow.
The arrow hits the lemure but does no damage.
The lemure is almost dead.
The lemure hits you but does no damage.
You shoot an arrow. The arrow barely misses the lemure.
The arrow hits Pikel but does no damage.
Pikel is lightly wounded.
You shoot an arrow. The arrow hits Pikel!
Pikel is heavily wounded.
You shoot an arrow. The arrow hits Pikel!
Pikel is severely wounded.
Pikel hits you with a +1 whip of freezing!
Pikel freezes you.
You shoot an arrow. The arrow hits Pikel.
Pikel is almost dead.
Pikel hits you with a +1 whip of freezing!
Pikel freezes you.
You are too injured to fight recklessly!
You are too injured to fight recklessly!
Fire: a) +0 shortbow
Press: ? - help, Q - select action, (/) - cycle Shift-Dir - straight line, f/p - Pikel
Aim: Pikel, wielding a +1 whip of freezing, wearing a +0 robe and carrying a wand of iceblast (1) (almost dead)
You shoot an arrow.
The arrow hits Pikel but does no damage.
Pikel is almost dead.
Pikel zaps a wand.
The mass of ice explodes!
The iceblast engulfs you!
You die...

###..####....†..#.#####..# #.#
≈≈≈≈gr≈≈≈..≈..>..........## #.#
≈≈≈≈≈≈.≈≈≈≈≈≈....#........# #.#
≈≈)≈≈≈≈≈≈≈≈≈≈≈...#........#####.#
≈≈≈≈≈≈≈≈≈≈≈≈≈≈...#........##....#
≈≈≈.≈≈≈.≈≈≈≈≈≈#..#..###......####
..≈≈..≈≈≈#≈≈≈≈#..#..#....<#..###
####.######≈≈≈#.....#.#........##
#.# ##≈≈#.@##.#........#... #.#
##≈#<.'...........#### ####.#
≈≈#..##..........'.#. .....#
###..##...#..(...#... ####.#
##...##..........#...
#############...K####........#...
≈≈.≈#............5..#........####
##########...######K#........#
##### #.##.......#


You could see Pikel and a lemure.

Vanquished Creatures
  Eustachio (D:4)
  Menkaure (D:4)
  3 lemures (D:4)
  A scorpion (D:4)
  An iguana (D:3)
  10 adders
  3 gnolls (D:4)
  A worm (D:2)
  3 dart slugs
  4 endoplasms
  2 giant cockroaches
  12 goblins
  9 hobgoblins
  3 jackals (D:1)
  3 quokkas
  6 ball pythons
  2 bats
  4 frilled lizards
  11 kobolds
  3 rats
83 creatures vanquished.

Notes
Turn   | Place    | Note
-------+----------+-------------------------------------------
     0 | D:1      | gruber the Spriggan Hunter began the quest for the Orb.
     0 | D:1      | Reached XP level 1. HP: 10/10 MP: 2/2
    78 | D:1      | Reached skill level 5 in Ranged Weapons
   155 | D:1      | Reached XP level 2. HP: 14/14 MP: 3/3
   442 | D:1      | Found a faded altar of an unknown god.
   823 | D:2      | Reached skill level 6 in Ranged Weapons
   823 | D:2      | Reached XP level 3. HP: 18/18 MP: 4/4
   994 | D:2      | Reached XP level 4. HP: 22/22 MP: 5/5
  1291 | D:2      | Reached skill level 7 in Ranged Weapons
  1809 | D:3      | Reached XP level 5. HP: 21/25 MP: 6/6
  2073 | D:3      | Found Ovaetan's Distillery.
  2173 | D:4      | Noticed Grinder
  2173 | D:4      | Noticed a lemure
  2201 | D:4      | Noticed a lemure
  2218 | D:4      | Killed a lemure
  2242 | D:4      | Noticed a lemure
  2272 | D:4      | Killed a lemure
  2281 | D:4      | Noticed a lemure
  2303 | D:4      | Killed a lemure
  2342 | D:4      | Noticed Pikel
  2557 | D:4      | Reached skill level 8 in Ranged Weapons
  3296 | D:4      | Found a bloodstained altar of Trog.
  3303 | D:4      | Reached XP level 6. HP: 30/30 MP: 7/7
  3443 | D:4      | Noticed Menkaure
  3446 | D:4      | Killed Menkaure
  3447 | D:4      | Reached skill level 9 in Ranged Weapons
  3635 | D:4      | Noticed Eustachio
  3814 | D:4      | Killed Eustachio
  3815 | D:4      | Reached skill level 10 in Ranged Weapons
  3815 | D:4      | Reached XP level 7. HP: 33/33 MP: 8/8
  3875 | D:4      | Killed from afar by Pikel

Illustrated notes

Levels and vault maps discovered:
D:1:      dpeg_arrival_refuge, layout_loops_ring,
          shapermc_ecumenical_altar_hornbeckon
D:2:      kennysheep_six_static_rooms, layout_loops_ring, minmay_tromino_i4
D:3:      layout_rooms, serial_shops, shop, minmay_goblin_outpost
D:4:      layout_basic, trog_hazing_becter, amethyst_overflow_temple_binary,
          serial_rivers, chequers_serial_rivers_small_3,
          chequers_serial_rivers_small_b, chequers_serial_rivers_large_a,
          chequers_serial_rivers_micro_c, portal_sewer_entry_d, uniq_grinder,
          uniq_pikel, uniq_menkaure, uniq_eustachio

Skill      XL: |  1  2  3  4  5  6 |
---------------+-------------------+-----
Ranged Weapons | 5 6 7 8 10 | 10.2
Fighting       | |  1.5
Dodging        | |  2.6
Stealth        | |  1.5

Action                   |  1- 3 |  4- 6 |  7- 9 || total
-------------------------+-------+-------+-------++-------
 Fire: Shortbow          |    63 |   208 |    10 ||   281
Armor: Robe              |     3 |     4 |     1 ||     8
Dodge: Dodged            |    13 |    61 |     1 ||    75

Table legend: (Time is in decaauts)
 A = Elapsed time spent in this place.
 B = Non-inter-level travel time spent in this place.
 C = Inter-level travel time spent in this place.
 D = Time resting spent in this place.
 E = Time spent auto-exploring this place.
 F = Levels seen in this place.
 G = Mean time per level.
                   A        B        C        D        E       F      G
               +--------+--------+--------+--------+--------+-----+--------+
         Total |   3059 |   2976 |     83 |    537 |   1883 |   4 |  764.8 |
       Dungeon |   3059 |   2976 |     83 |    537 |   1883 |   4 |  764.8 |
               +--------+--------+--------+--------+--------+-----+--------+

Top non-repeatable levels by time:
     D:4: 1267 daAuts
     D:3: 663 daAuts
     D:2: 575 daAuts
     D:1: 552 daAuts
